 Dungeon Crawl Stone Soup version 0.30.1-4-g462c640d31 (webtiles) character file.

Game seed: 2765421030414302677

31 Bobit the Poker (level 3, 0/31 HPs)
             Began as a Gnoll Reaver on Aug 13, 2023.
             Slain by Natasha (2 damage)
             ... on level 2 of the Dungeon.
             The game lasted 00:01:29 (839 turns).

Bobit the Poker (Gnoll Reaver)                       Turns: 839, Time: 00:01:30

Health: 0/31       AC: 10    Str: 13    XL:     3   Next: 22%
Magic:  9/9        EV:  3    Int: 18    God:
Gold:   47         SH:  0    Dex: 10    Spells: 9/12 levels left

rFire   . . .        a - +0 spear
rCold   . . .        (no shield)
rNeg    . . .        j - +0 plate armour
rPois   .            (no helmet)
rElec   .            (no cloak)
rCorr   .            (no gloves)
SInv    .            (no boots)
Will    .....        (no amulet) Stlth
                     d - +6 ring of intelligence
HPRegen 0.25/turn    (no ring)
MPRegen 0.11/turn

%: no passive effects
@: slowed, very slow
A: fangs 1, strong nose, distributed training
a: no special abilities


You were on level 2 of the Dungeon.
You visited 1 branch of the dungeon, and saw 2 of its levels.

You collected 47 gold pieces.

Inventory:

Hand Weapons
 a - a +0 spear (weapon)
Armour
 b - a +0 leather armour
 h - a +0 chain mail
 j - a +0 plate armour (worn)
Jewellery
 d - a +6 ring of intelligence (left hand)
Scrolls
 c - a scroll of blinking {unknown}
 g - 2 scrolls of identify {unknown}
 l - a scroll of vulnerability {unknown}
Potions
 e - a potion of curing {unknown}
 f - a potion of lignification {unknown}
 i - a potion of attraction {unknown}
 k - a potion of heal wounds


   Skills:
 + Level 4.5 Fighting
 + Level 0.7 Short Blades
 + Level 0.7 Long Blades
 + Level 0.7 Axes
 + Level 0.7 Maces & Flails
 + Level 6.5 Polearms
 + Level 0.7 Staves
 + Level 0.7 Ranged Weapons
 + Level 0.7 Throwing
 + Level 0.7 Armour
 + Level 4.5 Dodging
 + Level 0.7 Stealth
 + Level 0.7 Shields
 + Level 0.7 Unarmed Combat
 + Level 5.0 Spellcasting
 + Level 5.4 Conjurations
 + Level 0.5 Hexes
 + Level 0.5 Summonings
 + Level 0.5 Necromancy
 + Level 0.5 Translocations
 + Level 0.5 Transmutations
 + Level 0.5 Fire Magic
 + Level 0.5 Ice Magic
 + Level 0.5 Air Magic
 + Level 0.5 Earth Magic
 + Level 0.5 Poison Magic
 + Level 0.9 Invocations
 + Level 0.7 Evocations


You had 9 spell levels left.
You knew the following spells:

 Your Spells              Type           Power      Damage    Failure   Level
a - Kiss of Death         Conj/Necr      60%        2d10      100%        1
b - Momentum Strike       Conj/Tloc      30%        3d8       100%        2

Your spell library contained the following spells:

 Spells                   Type           Power      Damage    Failure   Level
 Hailstorm                Conj/Ice       15%        3d5       100%        3


Dungeon Overview and Level Annotations

Branches:
Dungeon (2/15)

Altars:

Annotations:
D:2 Natasha


Innate Abilities, Weirdness & Mutations

You have very sharp teeth.
Your uncanny sense of smell can sniff out nearby items.
Your experience applies equally to all skills.


Message History

You are too injured to fight recklessly!
Unknown command.
Casting: Momentum Strike (astonishingly dangerous; 100% risk of failure)
Confirm with . or Enter, or press ? or * to list all spells.
Okay, then.
You barely miss Natasha.
Natasha is heavily wounded.
Natasha claws you.
* * * LOW HITPOINT WARNING * * *
Natasha casts a spell at you.
You feel as though you will be slow longer.
You hit Natasha.
Natasha is severely wounded.
Natasha drinks a potion.
Natasha is healed!
You barely miss Natasha. You bite Natasha.
Natasha is lightly wounded.
Natasha claws you.
* * * LOW HITPOINT WARNING * * *
You hit Natasha.
Natasha is lightly wounded.
Natasha claws you but does no damage.
Unknown command.
You completely miss Natasha.
Natasha is lightly wounded.
Natasha mumbles some strange words.
You hit Natasha but do no damage. You bite Natasha, but do no damage.
Natasha is lightly wounded.
Natasha stares at you and mumbles some strange words.
You resist with significant effort.
The cerulean imp hits you but does no damage.
Natasha barely misses you.
You hit Natasha.
Natasha is moderately wounded.
The cerulean imp hits you from afar with a +4 spear.
* * * LOW HITPOINT WARNING * * *
Natasha claws you but does no damage.
You barely miss Natasha.
Natasha is moderately wounded.
The cerulean imp completely misses you. Natasha claws you.
You die...

∆ # .## ..
...## #.#
#####5..?.#
#.#
###..@h......
###.#
#...###......
....# #.###
...#.
#..#######.#
.##
###..........#
#
......##.###.#
###...##.# #.#
#....#.###.#
####.#.....#


You could see Natasha and a cerulean imp (summoned).

Vanquished Creatures
  A dart slug (D:1)
  5 bats (D:1)
  3 endoplasms (D:1)
  5 goblins
  2 hobgoblins
  A quokka (D:2)
  4 ball pythons (D:1)
  2 frilled lizards (D:1)
  A kobold (D:1)
  4 rats (D:1)
28 creatures vanquished.

Notes
Turn   | Place    | Note
-------+----------+-------------------------------------------
     0 | D:1      | Bobit the Gnoll Reaver began the quest for the Orb.
     0 | D:1      | Reached XP level 1. HP: 20/20 MP: 6/6
    74 | D:1      | Reached XP level 2. HP: 24/26 MP: 7/7
    77 | D:1      | Learned a level 2 spell: Momentum Strike
   524 | D:1      | Reached skill level 5 in Spellcasting
   524 | D:1      | Reached XP level 3. HP: 31/31 MP: 7/9
   823 | D:2      | Noticed Natasha
   838 | D:2      | HP: 1/31 [cerulean imp/+4 spear[Natasha] (6)]
   839 | D:2      | Slain by Natasha

Illustrated notes

Levels and vault maps discovered:
D:1:      shiori_arrival_elements, layout_basic
D:2:      layout_loops_ring, uniq_natasha

Skill      XL: |  1  2 |
---------------+-------+-----
Spellcasting   | 5 |  5.0
Fighting       | |  4.5
Short Blades   | |  0.7
Long Blades    | |  0.7
Axes           | |  0.7
Maces & Flails | |  0.7
Polearms       | |  6.5
Staves         | |  0.7
Ranged Weapons | |  0.7
Throwing       | |  0.7
Armour         | |  0.7
Dodging        | |  4.5
Stealth        | |  0.7
Shields        | |  0.7
Unarmed Combat | |  0.7
Conjurations   | |  5.4
Hexes          | |  0.5
Summonings     | |  0.5
Necromancy     | |  0.5
Translocations | |  0.5
Transmutations | |  0.5
Fire Magic     | |  0.5
Ice Magic      | |  0.5
Air Magic      | |  0.5
Earth Magic    | |  0.5
Poison Magic   | |  0.5
Invocations    | |  0.9
Evocations     | |  0.7

Action                     || total
---------------------------++-------
  Melee: Spear             ||   116
         Bite              ||     8
   Cast: Momentum Strike   ||     2
 Armour: Leather armour    ||    13
         Plate armour      ||     9
  Dodge: Dodged            ||    47
